AoeStats
← [YOBA] ♂️CUM♂️BACK

Arabia

506749221Analyzed
1v1 RM · 17d ago on Sep 15, 2026· 59m 12s· 2 players
Game mode
Random Map
Map size
Tiny (2 player)
Population
200
Speed
Normal
Resources
Standard
Victory
Conquest
Starting age
Dark Age
Ending age
Imperial Age
RankedLock teamsTeams togetherTeam positionsShared explorationLock speedFull tech treeHidden civsTurbo modeCheats
Victory
Defeat
🇺🇸 Hindustanis · United States
1463
+11
1348
-11
slikwilly88
6:49 Loom
9:49 Feudal Age
10:30 Double-Bit Axe
13:08 Fletching
13:18 Padded Archer Armor
14:14 Town Watch
20:16 Wheelbarrow
23:41 Castle Age
24:17 Bodkin Arrow
24:04 Crossbowman
25:37 Man-at-Arms
26:17 Squires
29:52 Gold Mining
30:14 Bow Saw
32:22 Gold Shaft Mining
31:54 Thumb Ring
33:08 Ballistics
34:28 Long Swordsman
38:32 Scale Mail Armor
38:42 Forging
39:21 Stone Mining
40:11 Forging
40:45 Hand Cart
40:34 Arson
42:55 Iron Casting
43:08 Town Patrol
46:10 Imperial Age
46:15 Chain Mail Armor
47:55 Chemistry
46:19 Two-Handed Swordsman
48:04 Blast Furnace
47:27 Leather Archer Armor
47:38 Bracer
48:39 Leather Archer Armor
48:38 Masonry
48:33 Siege Engineers
49:20 Stone Shaft Mining
49:08 Champion
51:13 Ring Archer Armor
52:53 Murder Holes
53:05 Scale Barding Armor
53:15 Shatagni
53:35 Conscription
53:02 Light Cavalry
53:53 Bloodlines
53:43 Husbandry
54:27 Fervor
54:37 Sanctity
54:39 Chain Barding Armor
53:59 Hussar
56:17 Plate Barding Armor
[YOBA] ♂️CUM♂️BACK
0:34 Loom
10:04 Feudal Age
10:06 Man-at-Arms
14:06 Horse Collar
14:56 Scale Mail Armor
17:09 Double-Bit Axe
21:27 Bloodlines
22:13 Wheelbarrow
25:30 Castle Age
24:19 Forging
24:10 Gold Mining
26:17 Squires
25:37 Long Swordsman
26:34 Chain Mail Armor
31:03 Stone Mining
31:36 Heavy Plow
39:27 Imperial Age
39:38 Fletching
40:46 Bodkin Arrow
40:54 Two-Handed Swordsman
44:07 Champion
44:40 Town Watch
45:47 Bow Saw
47:25 Iron Casting
49:40 Blast Furnace
49:07 Hand Cart
49:51 Bodkin Arrow
50:41 Elite Skirmisher
52:02 Bracer
52:03 Padded Archer Armor
53:37 Conscription
54:27 Chemistry
53:48 Ballistics
54:59 Leather Archer Armor
55:20 Masonry
56:37 Ring Archer Armor
Connection lost

Rejoining the realm…

Still unreachable

The connection could not be restored.

Session expired

The server has moved on; the page needs a fresh start.